 Dungeon Crawl Stone Soup version 0.29.1-1-gd02db6906a (webtiles) character file.

Game seed: 17165551475845694592

5187 Descartes the Blocker (level 10, -18/77 HPs)
             Began as a Formicid Fighter on Sept 29, 2022.
             Was an Initiate of Gozag.
             Demolished by Erolcha
             ... wielding a +5 giant club
              (28 damage)
             ... on level 9 of the Dungeon.
             The game lasted 00:20:34 (10269 turns).

Descartes the Blocker (Formicid Fighter)           Turns: 10269, Time: 00:20:35

Health: -18/77     AC: 15    Str: 24    XL:     10   Next: 90%
Magic:  10/10      EV:  8    Int:  4    God:    Gozag
Gold:   659        SH: 11    Dex: 13    Spells: 9/9 levels left

rFire   + + .      SeeInvis +   w - +5 hammer "Reqoing" {vorpal, rF++ Will++ Int-5}
rCold   + . .      Faith    .   c - +0 buckler
rNeg    + . .      Spirit   .   B - +2 chain mail "Cusmick" {rN+ Will+}
rPois   +          Reflect  +   (helmet unavailable)
rElec   .          Harm     .   z - +2 cloak {rCorr}
rCorr   +          Rampage  .   (no gloves)
Will    ++++.                   (no boots)
Stlth   ..........              o - amulet of reflection
HPRegen 0.22/turn               r - ring of poison resistance
MPRegen 0.12/turn               f - ring of protection from cold

@: mighty, gold aura, very slow
A: permanent stasis, dig shafts and tunnels, antennae 3, four strong arms
a: Dig, Shaft Self, Renounce Religion, Potion Petition, Call Merchant, Bribe
Branch


You were on level 9 of the Dungeon.
You worshipped Gozag.
Gozag was pleased with you.
You visited 2 branches of the dungeon, and saw 10 of its levels.

You collected 1328 gold pieces.
You paid 669 gold pieces to Gozag.

Inventory:

Hand Weapons
 a - a -2 executioner's axe
 w - the +5 hammer "Reqoing" (weapon) {vorpal, rF++ Will++ Int-5}
   (You found it on level 3 of the Dungeon)

   It inflicts extra damage upon your enemies.
   Int:       It affects your intelligence (-5).
   rF:        It greatly protects you from fire.
   Will:      It greatly increases your willpower.
 y - a +4 quarterstaff of chaos
 A - a +3 hammer
 C - the +6 war axe "Syilio" {speed, rN+}
   (You found it on level 4 of the Dungeon)

   Attacks with this weapon are significantly faster.
   rN:        It protects you from negative energy.
 J - a +1 hand axe of flaming
 K - a +3 dire flail
Missiles
 s - 2 silver boomerangs
 E - 25 poisoned darts
 F - 6 boomerangs
Armour
 c - a +0 buckler (worn)
 z - a +2 cloak of preservation (worn)
 B - the +2 chain mail "Cusmick" (worn) {rN+ Will+}
   (You found it on level 4 of the Dungeon)

   rN:        It protects you from negative energy.
   Will:      It increases your willpower.
Jewellery
 f - a ring of protection from cold (right hand)
 h - a ring of ice
 o - an amulet of reflection (around neck)
 r - a ring of poison resistance (left hand)
 H - an amulet of guardian spirit
Wands
 e - a wand of mindburst (21)
 q - a wand of polymorph (28)
 I - a wand of iceblast (10)
Scrolls
 b - 3 scrolls of magic mapping {unknown}
 j - a scroll of torment {unknown}
 k - a scroll of vulnerability {unknown}
 l - 4 scrolls of poison
 n - 2 scrolls of noise {unknown}
 p - 2 scrolls of enchant weapon {unknown}
 u - a scroll of amnesia {unknown}
 x - 4 scrolls of teleportation
 D - a scroll of summoning {unknown}
 G - 3 scrolls of fear {unknown}
Potions
 d - a potion of might
 g - a potion of invisibility
 i - a potion of lignification {unknown}
 m - a potion of cancellation
 t - 3 potions of attraction
 v - a potion of brilliance


   Skills:
 + Level 6.3 Fighting
 + Level 5.3(6.9) Axes
 + Level 4.7(5.9) Maces & Flails
 + Level 4.6(5.8) Polearms
 + Level 6.5 Armour
 * Level 10.0 Shields
 + Level 5.1 Hexes
 + Level 4.2 Translocations
 + Level 4.6 Evocations


You had 9 spell levels left.
You didn't know any spells.
Your spell library contained the following spells:

 Spells                   Type           Power      Damage    Failure   Level
 Apportation              Tloc           6%         N/A       58%         1
 Tukima's Dance           Hex            4%         N/A       83%         3
 Portal Projectile        Hex/Tloc       6%         N/A       88%         3
 Necrotise                Necr           0%         1d4       99%         1
 Shock                    Conj/Air       0%         1d3       99%         1
 Summon Small Mammal      Summ           0%         N/A       99%         1
 Ignite Poison            Fire/Tmut/Pois 0%         N/A       100%        3
 Mephitic Cloud           Conj/Pois/Air  0%         N/A       100%        3
 Stone Arrow              Conj/Erth      0%         3d7       100%        3
 Airstrike                Air            0%         2d(0-16)  100%        4
 Animate Armour           Summ/Erth      0%         N/A       100%        4
 Blade Hands              Tmut           0%         N/A       100%        5
 Freezing Cloud           Conj/Ice/Air   0%         6-21      100%        5
 Lehudib's Crystal Spear  Conj/Erth      0%         10d2      100%        8
 Swiftness                Air            Unusable   N/A       N/A         3

Dungeon Overview and Level Annotations

Branches:
Dungeon (9/15)             Temple (1/1) D:4
   Lair: D:8-11         Orc: D:9-12

Altars:
Ashenzari
Cheibriados
Dithmenos
Elyvilon
Fedhas
Gozag
Hepliaklqana
Kikubaaqudgha
Makhleb
Nemelex Xobeh
Okawaru
Qazlal
Ru
Sif Muna
Uskayaw
Vehumet
Wu Jian
Xom
Yredelemnul
Zin
The Shining One

Portals:
Bailey: D:9

Annotations:
D:9 Erolcha


Innate Abilities, Weirdness & Mutations

You cannot be hasted, slowed, berserked, paralysed or teleported.
You can dig through walls and to a lower floor.
You have a pair of large antennae on your head. (SInv)
Your four strong arms can wield two-handed weapons with a shield.


Message History

You thump the orc wizard!
You kill the orc wizard!
The orc is no longer distracted by gold.
The orc warrior hits you with a +0 battleaxe.
Erolcha casts a spell at you. You resist with almost no effort.
You sock the orc warrior!
The orc warrior is heavily wounded.
You flicker for a moment.
The orc splashes around in the water.
The orc warrior closely misses you. You block the orc's attack.
You sock the orc warrior!
You kill the orc warrior!
Erolcha is distracted by your dazzling golden aura.
You block the orc's attack.
You closely miss the orc.
Erolcha is no longer distracted by gold.
You block the orc's attack.
Unknown command.
You thump the orc!
You kill the orc!
The orc is distracted by your dazzling golden aura.
The orc priest is distracted by your dazzling golden aura.
You enter the shallow water.
Moving in this stuff is going to be slow. ...and don't expect to remain undetected.
You flicker back into view.
Erolcha screams, "Blood!"
The orc shouts!
The orc priest shouts!
You thump the orc!
You kill the orc!
You hear a splash.
Your unstable footing causes you to fumble your attack.
Erolcha hits you with a +5 giant club!!
* * * LOW HITPOINT WARNING * * *
You sock Erolcha!
Erolcha is lightly wounded.
Erolcha hits you with a +5 giant club!!
You die...
Your body crumbles into a pile of gold.

#..)..# #.
###.....# #.
#$....$.# { #.
#.#.....# #.
#$#.....# $.
#$####.## #.
#####$####$##
#.
#...$$..o...##
#.
#.~~~≈@~~~~...
#O
#.≈≈≈≈O≈≈≈≈...
##.
#.~##'''##~...
##.. #.~ .....
... #..< #.
#∩...># ..
#..o ..
####### . #...
#... ....
#....


You could see Erolcha and an orc priest.

Vanquished Creatures
  Joseph (D:9)
  A gargoyle (D:7)
  Maggie (D:9)
  A steam dragon (D:8)
  An acid dragon (D:8)
  Duvessa (D:5)
  A water moccasin (D:5)
  6 black bears
  A sky beast (D:7)
  An ice beast (D:5)
  4 orc warriors
  3 ogres
  2 centaurs
  A phantom (D:4)
  A kobold brigand (D:6)
  Blork the orc (D:5)
  2 bullfrogs
  6 scorpions
  8 wights (D:8)
  Dowan (D:5)
  A howler monkey (D:4)
  5 hounds
  Crazy Yiuf (D:3)
  7 orc priests
  Natasha (twice) (D:2)
  Jessica (D:2)
  Terence (D:3)
  9 orc wizards
  3 iguanas
  Robin (D:2)
  11 gnolls
  8 adders
  A shadow imp (D:7)
  2 ufetubi (D:4)
  4 worms
  4 dart slugs
  20 orcs
  6 ball pythons
  7 bats
  10 endoplasms
  5 giant cockroaches
  19 goblins
  7 hobgoblins
  9 kobolds
  6 quokkas
  5 frilled lizards
  7 rats
206 creatures vanquished.

Vanquished Creatures (others)
  An orc (D:9)
  7 fungi (D:8)
8 creatures vanquished.

Grand Total: 214 creatures vanquished

Notes
Turn   | Place    | Note
-------+----------+-------------------------------------------
     0 | D:1      | Descartes the Formicid Fighter began the quest for the Orb.
     0 | D:1      | Reached XP level 1. HP: 18/18 MP: 1/1
   462 | D:1      | Reached XP level 2. HP: 24/24 MP: 2/2
   769 | D:1      | Reached XP level 3. HP: 29/29 MP: 3/3
  1418 | D:2      | Reached XP level 4. HP: 28/35 MP: 4/4
  1489 | D:2      | Reached skill level 1 in Maces & Flails
  1492 | D:2      | Noticed Natasha
  1505 | D:2      | Killed Natasha
  1506 | D:2      | Reached skill level 1 in Polearms
  1675 | D:2      | Noticed Jessica
  1678 | D:2      | Reached XP level 5. HP: 42/42 MP: 5/5
  1679 | D:2      | Killed Jessica
  1680 | D:2      | Reached skill level 5 in Shields
  1680 | D:2      | Reached skill level 1 in Translocations
  1908 | D:2      | Noticed Natasha
  1914 | D:2      | Killed Natasha
  2019 | D:3      | Noticed Robin
  2197 | D:2      | Killed Robin
  2504 | D:3      | Reached XP level 6. HP: 48/48 MP: 6/6
  2669 | D:3      | You fall into a shaft and drop 1 floor!
  2729 | D:4      | Found an opulent altar of Gozag.
  2738 | D:4      | Became a worshipper of Gozag Ym Sagoz the Greedy
  2773 | D:4      | Found a staircase to the Ecumenical Temple.
  2799 | Temple   | Entered the Ecumenical Temple
  3084 | D:3      | Found a shimmering blue altar of Sif Muna.
  3161 | D:3      | Found a sparkling altar of Nemelex Xobeh.
  3226 | D:3      | Identified the +5 hammer "Reqoing" {vorpal, rF++ Will++
                  | Int-5}
  3238 | D:3      | Found a runed translucent door.
  3239 | D:3      | Noticed Crazy Yiuf
  3251 | D:3      | Killed Crazy Yiuf
  3370 | D:3      | Found a glowing silver altar of Zin.
  3445 | D:3      | Noticed Terence
  3451 | D:3      | Killed Terence
  3461 | D:3      | Found a faded altar of an unknown god.
  3824 | D:4      | Noticed a black bear
  3832 | D:4      | Killed a black bear
  3833 | D:4      | Reached skill level 6 in Shields
  3833 | D:4      | Reached skill level 1 in Hexes
  3833 | D:4      | Reached XP level 7. HP: 44/54 MP: 7/7
  4053 | D:4      | Reached skill level 1 in Evocations
  4201 | D:4      | Identified the +6 war axe "Syilio" {speed, rN+}
  4206 | D:4      | Identified the +2 chain mail "Cusmick" {rN+ Will+}
  4403 | D:4      | Found a glowing golden altar of the Shining One.
  4609 | D:5      | Entered Level 5 of the Dungeon
  4795 | D:5      | Noticed a water moccasin
  4809 | D:5      | Killed a water moccasin
  4810 | D:5      | Reached XP level 8. HP: 58/61 MP: 8/8
  5258 | D:4      | Reached skill level 7 in Shields
  5426 | D:5      | Reached skill level 5 in Armour
  5439 | D:5      | Noticed Blork the orc
  5460 | D:5      | Killed Blork the orc
  5461 | D:5      | Reached XP level 9. HP: 15/67 MP: 9/9
  5902 | D:6      | Found a hazy altar of Hepliaklqana.
  5956 | D:6      | Reached skill level 5 in Fighting
  5987 | D:6      | Found a hide-covered altar of Uskayaw.
  6057 | D:6      | Noticed Dowan
  6059 | D:6      | Noticed Duvessa
  6074 | D:5      | Killed Duvessa
  6089 | D:5      | Killed Dowan
  6564 | D:6      | Reached skill level 8 in Shields
  6599 | D:6      | Found an iron altar of Okawaru.
  7720 | D:7      | Noticed a gargoyle
  7739 | D:7      | Killed a gargoyle
  8244 | D:7      | Reached XP level 10. HP: 76/76 MP: 10/10
  8553 | D:8      | Reached skill level 9 in Shields
  8774 | D:8      | HP: 3/76 [orc priest/divine providence (10)]
  8779 | D:8      | HP: 2/114 [bullfrog (4)]
  9481 | D:8      | Reached skill level 5 in Axes
  9990 | D:9      | Noticed Erolcha
 10089 | D:9      | Noticed Maggie
 10093 | D:9      | Killed Maggie
 10214 | D:9      | Noticed Joseph
 10217 | D:9      | Killed Joseph
 10218 | D:9      | Reached skill level 10 in Shields
 10218 | D:9      | Reached skill level 5 in Hexes
 10229 | D:9      | Found a flagged portal.
 10269 | D:9      | Demolished by Erolcha

Illustrated notes

Levels and vault maps discovered:
D:1:      lightli_arrival_noodles, layout_loops_corners, minmay_box_of_dots
D:2:      layout_basic, uniq_jessica, uniq_natasha
D:3:      layout_rooms, mainiacjoe_overflow_brackets, general_overflow_altar,
          mainiacjoe_overflow_cross_hatched, dilly_ecumenical_altar_fadedgnrine,
          uniq_terence, uniq_crazy_yiuf_cottage, uniq_robin
D:4:      layout_layer_cave, tso_altar, lemuel_round_altar,
          minmay_temple_entry_mini_moons
D:5:      layout_rooms, uniq_blork_the_orc
D:6:      layout_basic, kennysheep_little_box, lemuel_tele_altar,
          nicolae_uskayaw_dance_studio, uniq_duvessa
D:7:      nicolae_cairo_tiling, layout_gridville
D:8:      old_forge, layout_basic
D:9:      layout_loops_ring, kennysheep_mini_moat, enter_bailey_4, uniq_erolcha,
          uniq_joseph, uniq_maggie
Temple:   dshaligram_water_room_temple

Skill      XL: |  1  2  3  4  5  6  7  8  9 10 |
---------------+-------------------------------+-----
Maces & Flails | 1 2 3 4 |  4.7
Polearms       | 1 2 3 4 |  4.6
Shields        | 5 6 7 8 10 | 10.0
Translocations | 1 2 3 4 |  4.2
Armour         | 4 5 6 |  6.5
Fighting       | 4 5 6 |  6.3
Axes           | 3 4 5 |  5.3
Hexes          | 1 2 4 5 |  5.1
Evocations     | 1 2 3 4 |  4.6

Action                   |  1- 3 |  4- 6 |  7- 9 | 10-12 || total
-------------------------+-------+-------+-------+-------++-------
Melee: War axe           |    85 |    30 |       |       ||   115
       Club              |       |   112 |       |       ||   112
       Mace              |       |    25 |   307 |   167 ||   499
Invok: Potion Petition   |       |       |       |     1 ||     1
Evoke: Wand              |       |       |       |     8 ||     8
  Use: Potion            |       |       |     2 |     3 ||     5
       Scroll            |       |       |     6 |     1 ||     7
 Stab: Distracted        |       |       |     1 |       ||     1
       Invisible         |       |       |       |     3 ||     3
Armor: Scale mail        |     7 |       |       |       ||     7
       Chain mail        |    45 |   110 |   202 |    68 ||   425
       Skin              |       |       |       |     1 ||     1
Dodge: Dodged            |    35 |    69 |   120 |    55 ||   279
Block: Buckler           |    19 |    55 |   215 |   122 ||   411
       Reflection        |       |       |     4 |     6 ||    10
